 Dungeon Crawl Stone Soup version 0.24-a0-217-g1152973 (webtiles) character file.

Game seed: 11300267605546098468

107 xeno23 the Sneak (level 4, 0/33 HPs)
             Began as an Octopode Assassin on Mar 29, 2019.
             Succumbed to an adder's poison
             ... on level 1 of the Dungeon.
             The game lasted 00:03:23 (1093 turns).

xeno23 the Sneak (Octopode Assassin)                Turns: 1093, Time: 00:03:24

Health: 0/33       AC:  1    Str:  7 (10) XL:     4   Next: 85%
Magic:  13/13      EV: 13    Int: 12 (13) God:
Gold:   141        SH:  0    Dex: 14 (16) Spells: 3/3 levels left

rFire    . . .     SeeInvis .   a - +2 dagger
rCold    . . .     Gourm    .   (no shield)
rNeg     . . .     Faith    .   (helmet restricted)
rPois    .         Spirit   .   (no amulet)
rElec    .         Reflect  .   g - ring of magical power
rCorr    .         Harm     .   (no ring)
MR       .....                  (no ring)
Stlth    ++++......             (no ring)
HPRegen  0.11/turn              (no ring)
MPRegen  0.13/turn              (no ring)
                                (no ring)
                                (no ring)

@: lethally poisoned (0 -> -3)
A: almost no armour, stealthy swim, amphibious, 8 rings, constrict 8, camouflage
1, agile 1, deterioration 1, robust 1, gelatinous body 1
a: no special abilities


You were on level 1 of the Dungeon.
You were not hungry.

You visited 1 branch of the dungeon, and saw 2 of its levels.

You collected 141 gold pieces.

Inventory:

Hand Weapons
 a - a +2 dagger (weapon)
 b - a +0 blowgun
Missiles
 c - 8 poisoned needles
 d - 2 curare-tipped needles
 i - a throwing net (quivered)
Jewellery
 g - a ring of magical power (left tentacle)
Wands
 n - a wand of iceblast (11)
Scrolls
 e - 2 scrolls of teleportation {unknown}
 h - a scroll of remove curse {unknown}
 l - a scroll of fear {unknown}
 m - a scroll of noise {unknown}
 o - a scroll of immolation {unknown}
 q - 3 scrolls of amnesia {unknown}
Comestibles
 f - 5 rations
 p - a chunk of flesh


   Skills:
 + Level 2.5 Fighting
 * Level 3.0 Short Blades
 + Level 2.5 Throwing
 + Level 1.9 Dodging
 * Level 6.3 Stealth


You had 3 spell levels left.
You didn't know any spells.
Your spell library was empty.

Dungeon Overview and Level Annotations

Branches:
Dungeon (2/15)

Altars:

Annotations:
D:2 Sigmund


Innate Abilities, Weirdness & Mutations

You cannot wear most types of armour.
You are very stealthy in the water. (Stealth+)
You are amphibious.
You can wear up to eight rings at the same time.
You can use your tentacles to constrict eight enemies at once.
Your skin changes colour to match your surroundings (Stealth+).
Your rubbery body absorbs attacks. (AC +1, EV +1)
You are agile. (Dex +2)
Your body sometimes deteriorates upon taking damage.
You are robust. (+10% HP)


Message History

There was something very wrong with that liquid.
You feel weakened.
You feel dopey.
You feel clumsy.
You constrict the adder.
* * * LOW HITPOINT WARNING * * *
You feel sick. The adder bites you.
* * * LOW HITPOINT WARNING * * *
The adder barely misses you.
You take 3 damage.
Unknown command.
You hit the adder.
You kill the adder!
Okay, then.
You aren't carrying any potions.
* * * LOW HITPOINT WARNING * * *
You feel sick.
You take 1 damage.
* * * LOW HITPOINT WARNING * * *
You feel sick.
You take 1 damage.
You die...

#### ### ##≈≈♣# #.###
.♣P♣P♣## #.#.#
≈♣≈P≈≈P#######...#
♣≈≈≈≈≈♣≈♣...##.#.#
≈≈P≈≈≈≈♣≈##.##.###
≈PP≈≈≈≈≈≈#..)....#
≈P≈P♣≈P≈♣♣..##.#.###
≈♣P≈≈≈♣≈≈P......@..#
P≈≈≈P≈≈≈P♣#÷#....###
P≈≈≈≈≈≈≈≈≈..##.########
≈≈≈≈≈≈≈≈≈≈≈###.###....#
≈≈≈≈≈≈P≈≈♣♣....#....#.#
≈≈≈≈≈≈≈≈≈≈♣....#.#..#.#
≈≈≈≈≈≈≈≈≈♣♣...........#
≈≈≈≈≈≈≈≈♣P♣.#....#######
≈≈≈≈≈≈≈≈P≈♣.#.........†#


There were no monsters in sight!

Vanquished Creatures
  Natasha (D:2)
  A gnoll (D:1)
  2 adders
  A worm (D:2)
  2 dart slugs (D:2)
  A leopard gecko (D:1)
  7 bats
  3 giant cockroaches
  6 goblins
  2 hobgoblins (D:1)
  6 jackals (D:2)
  4 kobolds
  A ball python (D:1)
  3 frilled lizards
  4 rats
44 creatures vanquished.

Notes
Turn   | Place    | Note
-------+----------+-------------------------------------------
     0 | D:1      | xeno23 the Octopode Assassin began the quest for the Orb.
     0 | D:1      | Reached XP level 1. HP: 14/14 MP: 1/1
   167 | D:1      | Reached XP level 2. HP: 19/19 MP: 2/2
   233 | D:1      | Reached XP level 3. HP: 13/24 MP: 3/3
   685 | D:2      | Reached skill level 6 in Stealth
   716 | D:2      | Reached XP level 4. HP: 30/30 MP: 4/4
   823 | D:2      | Noticed Natasha
   997 | D:2      | Killed Natasha
  1072 | D:2      | Noticed Sigmund
  1085 | D:1      | Gained mutation: You are agile. (Dex +2) [potion of
                  | mutation]
  1085 | D:1      | Gained mutation: Your body sometimes deteriorates upon
                  | taking damage. [potion of mutation]
  1085 | D:1      | Gained mutation: You are robust. (+10% HP) [potion of
                  | mutation]
  1091 | D:1      | HP: 1/33 [poisoned by an adder]
  1093 | D:1      | Succumbed to an adder's poison

Levels and vault maps discovered:
D:1:      roderic_crossed_star, layout_basic, serial_bayou_lake_a
D:2:      layout_basic, kennysheep_generic_room_13, uniq_natasha, uniq_sigmund

Skill      XL: |  1  2  3  4 |
---------------+-------------+-----
Stealth        | 6 |  6.3
Short Blades   | 3 |  3.0
Fighting       | |  2.5
Throwing       | |  2.5
Dodging        | |  1.9

Action                   |  1- 3 |  4- 6 || total
-------------------------+-------+-------++-------
Melee: Dagger            |    61 |    25 ||    86
       Constrict         |    12 |     8 ||    20
       Tentacles         |    10 |     4 ||    14
  Use: Potion            |       |     2 ||     2
 Stab: Sleeping          |    10 |     1 ||    11
  Eat: Chunk             |       |     1 ||     1
Armor: Skin              |     4 |     1 ||     5
Dodge: Dodged            |    31 |    17 ||    48

Table legend:
 A = Non-vault XP
 B = Vault XP
 C = Vault XP percentage of total XP
 D = Non-vault monster count
 E = Vault monster count
 F = Vault count percentage of total count
                 A         B        C        D         E       F
            +---------+---------+-------+---------+---------+-------
      Total |     116 |      37 |  24.2 |      42 |       2 |   4.5
            +---------+---------+-------+---------+---------+-------
        D:1 |      63 |       0 |   0.0 |      23 |       0 |   0.0
        D:2 |      53 |      37 |  41.1 |      19 |       2 |   9.5
            +---------+---------+-------+---------+---------+-------
